cohdb
Replays
Latest Replays
All Replays
Popular Replays
Top Player Replays
Match Explorer
How It Works
Community
CoH3 Stats
Reddit
Sign in to upload your games and track your stats! →
Sign in with Steam
Match 43538080
Unlisted
Match 43538080
Overview
Messages
Build Orders
End
Vickers Machine Gun Team
Vickers Machine Gun Team
Construct Section Command Post
Selects Heavy Armor Battlegroup
ML 3-inch Mortar Team
Construct Field Infirmary
Selects Rigorous Vehicle Training
Infantry Section
AI Takeover
SuperJan91
Medu_97
OtterBeAshamed
viroj1191
Joraad
SHAH
ToxinX
GG
0
0
Comments
sign in to comment!
No comments posted yet!